cohdb
Replays
Latest Replays
All Replays
Popular Replays
Top Player Replays
Match Explorer
How It Works
Community
CoH3 Stats
Reddit
Sign in to upload your games and track your stats! →
Sign in with Steam
Match 45336308
Unlisted
Match 45336308
Overview
Messages
Build Orders
End
Construct Barracks
Riflemen Squad
Riflemen Squad
1⁄4-ton 4x4 Truck
Riflemen Squad
Infantry Support Center
Construct Motor Pool
M1 Anti-tank Gun Team
Construct Medical Station
Selects Heavy Weapons
Selects M2HB .50cal Heavy Machine Gun
Selects Assault Carriers
M8 Greyhound Armored Car
Engineer Squad
Selects Exchangeable Parts
Riflemen Squad
M1 Anti-tank Gun Team
M24 Chaffee Light Tank
Grenade Package
M24 Chaffee Light Tank
rocketpossum
Dinglebop
0
0
Comments
sign in to comment!
No comments posted yet!